 Dungeon Crawl Stone Soup version 0.30-a0-122-g2a1322497e (webtiles) character file.

Game seed: 13115249245691818182

9048 Newt the Basher (level 11, -4/77 HPs)
             Began as a Demonspawn Gladiator on Sept 16, 2022.
             Was an Initiate of Gozag.
             Killed by the air
             ... invoked by pigah's ghost
              (17 damage)
             ... on level 10 of the Dungeon.
             The game lasted 00:14:13 (12155 turns).

Newt the Basher (Demonspawn Gladiator)             Turns: 12155, Time: 00:14:14

Health: -4/77      AC: 33    Str: 25    XL:     11   Next: 17%
Magic:  11/11      EV:  5    Int: 13    God:    Gozag
Gold:   1216       SH: 24    Dex: 15    Spells: 10/10 levels left

rFire   . . .      SeeInvis .    v - +9 club
rCold   . . .      Faith    .    N - +0 tower shield
rNeg    + . .      Spirit   .    K - +10 plate armour "Makelirici" {rElec}
rPois   .          Reflect  +    c - +0 helmet
rElec   +          Harm     .    (no cloak)
rCorr   .          Rampage  ∞    (no gloves)
Will    .....                    J - +3 pair of seven-league boots {Rampage+∞}
Stlth   ..........               p - amulet of reflection
HPRegen 0.22/turn                f - ring of positive energy
MPRegen 0.12/turn                m - +6 ring of strength

@: mighty, gold aura, unable to read
A: icemail 1, spiny 1, big brain 2, condensation shield, weakness stinger 2,
mutation resistance 1, inability to read after injury 1
a: Renounce Religion, Potion Petition, Call Merchant, Bribe Branch


You were on level 10 of the Dungeon.
You worshipped Gozag.
Gozag was most pleased with you.
You visited 1 branch of the dungeon, and saw 10 of its levels.
You also visited: Ossuary.

You collected 2317 gold pieces.
You spent 1072 gold pieces at shops.
You paid 29 gold pieces to Gozag.

Inventory:

Hand Weapons
 a - a +0 rapier
 o - a +2 dagger of speed
 v - a +9 club (weapon)
 I - a +0 flail
 M - a +5 mace
Missiles
 d - 4 throwing nets (quivered)
 e - a javelin
Armour
 b - a +0 leather armour
 c - a +0 helmet (worn)
 u - a +2 chain mail
 F - a +0 pair of boots
 J - the +3 pair of seven-league boots (worn) {Rampage+∞}
   (You acquired it on level 6 of the Dungeon)

   Its wearer moves as far as possible in that direction when moving towards
   enemies.
 K - the +10 plate armour "Makelirici" (worn) {rElec}
   (You bought it in a shop on level 6 of the Dungeon)

   rElec:     It insulates you from electricity.
 N - a +0 tower shield (worn)
 P - a +0 kite shield
Jewellery
 f - a ring of positive energy (left hand)
 k - a ring of protection from cold
 m - a +6 ring of strength (right hand)
 p - an amulet of reflection (around neck)
 t - a ring of fire
 D - a ring of magical power
Wands
 w - a wand of digging (6)
 A - a wand of roots (8)
 O - a wand of light (15)
 R - a wand of polymorph (8)
Scrolls
 n - 3 scrolls of poison
 r - 7 scrolls of teleportation
 y - 5 scrolls of amnesia
 z - a scroll of magic mapping
 L - a scroll of fog
 Q - a scroll of summoning
 S - a scroll of torment
 U - a scroll of enchant weapon
 V - a scroll of identify
Potions
 g - 2 potions of lignification
 h - 6 potions of curing
 i - a potion of brilliance
 j - a potion of invisibility
 l - 7 potions of might
 q - 3 potions of degeneration
 s - a potion of attraction
 x - 4 potions of berserk rage
 B - a potion of cancellation
 C - a potion of flight
 E - 4 potions of heal wounds
 G - 2 potions of ambrosia


   Skills:
 - Level 4.0 Fighting
 - Level 2.6 Short Blades
 - Level 9.0 Maces & Flails
 - Level 1.7 Throwing
 - Level 9.0 Armour
 - Level 2.6 Dodging
 - Level 2.0 Stealth
 - Level 8.0 Shields
 + Level 4.5 Evocations


You had 10 spell levels left.
You didn't know any spells.
Your spell library contained the following spells:

 Spells                   Type           Power      Damage    Failure   Level
 Freeze                   Ice            0%         1d3       100%        1
 Cigotuvi's Dreadful Rot  Necr/Pois/Air  0%         N/A       100%        2
 Poisonous Vapours        Pois/Air       0%         N/A       100%        2
 Scorch                   Fire           0%         2d5       100%        2
 Call Canine Familiar     Summ           0%         N/A       100%        3
 Frozen Ramparts          Ice            0%         1d1       100%        3
 Portal Projectile        Hex/Tloc       0%         N/A       100%        3
 Tukima's Dance           Hex            0%         N/A       100%        3
 Flame Wave               Conj/Fire      0%         2d4       100%        4
 Hailstorm                Conj/Ice       0%         3d3       100%        4
 Leda's Liquefaction      Hex/Erth       0%         N/A       100%        4
 Passage of Golubria      Tloc           0%         N/A       100%        4
 Summon Lightning Spire   Summ/Air       0%         N/A       100%        4
 Fireball                 Conj/Fire      0%         3d3       100%        5
 Iskenderun's Battlesphe  Conj           0%         2d6       100%        5
 Yara's Violent Unravell  Hex/Tmut       0%         3d3       100%        5
 Conjure Ball Lightning   Conj/Air       0%         3x3d6     100%        6
 Summon Cactus Giant      Summ           0%         N/A       100%        6
 Orb of Destruction       Conj           0%         9d5       100%        7
 Storm Form               Tmut/Air       0%         N/A       100%        7
 Maxwell's Capacitive Co  Air            0%         ∞         100%        8


Dungeon Overview and Level Annotations

Branches:
Dungeon (10/15)            Temple (0/1) D:4            Lair (0/5) D:8
Ossuary (visited)
    Orc: D:9-12

Altars:
Dithmenos
Fedhas
Gozag
Makhleb
Qazlal
Sif Muna
Xom
Yredelemnul

Shops:
D:2 :   D:5 *   D:6 [

Annotations:
D:10 pigah's ghost, journeyman OpAE


Innate Abilities, Weirdness & Mutations

A meltable icy envelope protects you from harm. (AC +4)
You are partially covered in sharp spines.
You have an extremely huge brain. (Int +4)
A meltable shield of frost defends you. (SH +4)
You have a tail ending in a sharp stinger.
You are somewhat resistant to further mutation.
You occasionally lose the ability to read scrolls when taking damage.


Message History

You feel much better.
You block the ten-headed hydra's attack.
The ten-headed hydra bites you but does no damage. x3
You block the ten-headed hydra's attack.
The ten-headed hydra bites you but does no damage.
The ten-headed hydra bites you!
You block the ten-headed hydra's attack.
The ten-headed hydra bites you but does no damage.
The ten-headed hydra bites you!
* * * LOW HITPOINT WARNING * * *
Throw: 6 throwing nets
Press: ? - help, Q - select action, (/) - cycle Shift-Dir - straight line, f/p - ten-headed hydra
Aim: a ten-headed hydra (moderately wounded, 79% to hit, immune to nets)
You throw a throwing net.
The throwing net hits the ten-headed hydra.
The ten-headed hydra is too large for the net to hold!
The ten-headed hydra is moderately wounded.
You block the ten-headed hydra's attack.
The ten-headed hydra bites you.
* * * LOW HITPOINT WARNING * * *
The ten-headed hydra barely misses you. The ten-headed hydra bites you.
* * * LOW HITPOINT WARNING * * *
The ten-headed hydra bites you but does no damage.
You block the ten-headed hydra's attack. x2
The ten-headed hydra bites you but does no damage.
The ten-headed hydra completely misses you.
The ten-headed hydra bites you but does no damage.
Unknown command.
Throw: 5 throwing nets
Press: ? - help, Q - select action, (/) - cycle Shift-Dir - straight line, f/p - ten-headed hydra
Aim: a ten-headed hydra (moderately wounded, 79% to hit, immune to nets)
You throw a throwing net.
The throwing net hits the ten-headed hydra.
The ten-headed hydra is too large for the net to hold!
The ten-headed hydra is moderately wounded.
Pigah's ghost makes a sound of rattling chains.
Pigah's ghost waves its tentacles in wide circles.
The air twists around and strikes you!
You die...
Your body crumbles into a pile of gold.

#######.. ####
#####.....'..
###.##♣.P##..#####..
...#..(.♣#### #..
#..'....?~ #<.
#..'..)..P #..
#W'...$.♣ #..
#D#....♣# ##'
#@##♣♣♣# #.. ##.#
#.# ##'####### #.#
#........# #.#
#........# ##'#
#........### #...
#........'.####...
+........#....#...
#........####.'...


You could see a ten-headed hydra and pigah's ghost (swift).

Vanquished Creatures
  A two-headed ogre (D:10)
  Pikel (D:7)
  An unseen horror (D:10)
  Psyche (D:9)
  A troll (D:8)
  Grinder (D:6)
  Sigmund (D:6)
  2 wraiths
  8 yaks (D:9)
  Menkaure (D:7)
  An acid dragon (D:9)
  Duvessa (D:6)
  2 orc warriors
  3 sky beasts
  A black bear (D:7)
  2 ogres
  2 wolves (D:8)
  4 centaurs
  A phantom (D:5)
  An elf zombie (Ossuary)
  3 kobold brigands
  A bullfrog (D:7)
  5 gnoll sergeants
  2 necrophages
  4 scorpions
  Dowan (D:6)
  12 wights (D:8)
  6 killer bees (D:7)
  3 electric eels (D:8)
  6 howler monkeys (D:9)
  4 centaur zombies (Ossuary)
  2 jellies
  2 gnoll boudas
  7 hounds
  2 orc priests (D:8)
  3 iron imps (D:6)
  Jessica (D:2)
  An iguana (D:5)
  13 orc wizards
  Ijyb (D:4)
  An ogre zombie (Ossuary)
  7 mummies (Ossuary)
  34 gnolls
  3 adders
  A shadow imp (D:7)
  2 ufetubi
  7 adder zombies (Ossuary)
  2 worms (D:2)
  8 dart slugs
  25 orcs
  11 ball pythons
  6 endoplasms
  4 giant cockroaches
  5 goblins
  4 hobgoblins
  19 kobolds
  4 quokkas
  5 bats
  2 frilled lizards
  3 goblin zombies (Ossuary)
  7 hobgoblin zombies (Ossuary)
  2 kobold zombies (Ossuary)
  2 quokka zombies (Ossuary)
  5 rats
  3 rat zombies (Ossuary)
287 creatures vanquished.

Notes
Turn   | Place    | Note
-------+----------+-------------------------------------------
     0 | D:1      | Newt the Demonspawn Gladiator began the quest for the Orb.
     0 | D:1      | Reached XP level 1. HP: 16/16 MP: 1/1
   263 | D:1      | Reached skill level 1 in Stealth
   443 | D:1      | You fall into a shaft and drop 1 floor!
   463 | D:1      | Gained mutation: You are partially covered in sharp spines.
                  | [demonic ancestry]
   463 | D:1      | Reached XP level 2. HP: 7/22 MP: 2/2
  1150 | D:1      | Gained mutation: A meltable shield of frost defends you.
                  | (SH +4) [demonic ancestry]
  1150 | D:1      | Reached XP level 3. HP: 23/28 MP: 3/3
  1974 | D:2      | Found Jugala's Book Boutique.
  2041 | D:2      | Found an opulent altar of Gozag.
  2068 | D:2      | Became a worshipper of Gozag Ym Sagoz the Greedy
  2149 | D:2      | Found a faded altar of an unknown god.
  2293 | D:2      | Noticed Jessica
  2303 | D:2      | Killed Jessica
  2304 | D:2      | Reached XP level 4. HP: 34/37 MP: 4/4
  2758 | D:2      | Reached skill level 1 in Maces & Flails
  3383 | D:3      | Gained mutation: A meltable icy envelope protects you from
                  | harm. (AC +4) [demonic ancestry]
  3383 | D:3      | Reached XP level 5. HP: 42/42 MP: 5/5
  3741 | D:4      | Noticed Ijyb
  4029 | D:4      | Killed Ijyb
  4078 | D:4      | Found a staircase to the Ecumenical Temple.
  4096 | D:4      | Found a sand-covered staircase.
  4103 | D:4      | Reached XP level 6. HP: 36/48 MP: 6/6
  4111 | Ossuary  | Entered an ossuary
  4230 | Ossuary  | Reached skill level 1 in Armour
  4421 | Ossuary  | Reached XP level 7. HP: 54/54 MP: 7/7
  4791 | D:4      | Found a blossoming altar of Fedhas.
  5071 | D:5      | Entered Level 5 of the Dungeon
  5213 | D:5      | Reached skill level 5 in Maces & Flails
  5405 | D:5      | Gained mutation: You have an unusually large brain. (Int
                  | +2) [demonic ancestry]
  5405 | D:5      | Reached XP level 8. HP: 60/60 MP: 8/8
  5652 | D:5      | Found Qebaral's General Store.
  5920 | D:6      | Noticed Duvessa
  5936 | D:6      | Killed Duvessa
  5947 | D:6      | Noticed Dowan
  5961 | D:6      | Killed Dowan
  6123 | D:6      | Found Buvua's Armour Shoppe.
  6132 | D:6      | Bought the +10 plate armour "Makelirici" {rElec} for 870
                  | gold pieces
  6145 | D:6      | Noticed Grinder
  6149 | D:6      | Paralysed by Grinder for 3 turns
  6155 | D:6      | Killed Grinder
  6337 | D:6      | Found a shimmering altar of Xom.
  6447 | D:6      | Found a basalt altar of Yredelemnul.
  6521 | D:6      | Noticed Sigmund
  6528 | D:6      | Killed Sigmund
  6529 | D:6      | Gained mutation: You have a small tail. [demonic ancestry]
  6529 | D:6      | Reached XP level 9. HP: 58/65 MP: 9/9
  6679 | D:6      | Found a burning altar of Makhleb.
  6884 | D:5      | Bought a scroll of identify for 30 gold pieces
  6884 | D:5      | Bought a scroll of identify for 30 gold pieces
  6884 | D:5      | Bought a potion of heal wounds for 75 gold pieces
  6884 | D:5      | Bought a +0 tower shield for 67 gold pieces
  6890 | D:6      | Identified a scroll of acquirement
  6890 | D:6      | Acquired the +3 pair of seven-league boots {Rampage+∞}
  6890 | D:6      | Found the +3 pair of seven-league boots {Rampage+∞}
  6918 | D:7      | Noticed Pikel
  7011 | D:7      | Killed Pikel
  8028 | D:7      | Gained mutation: You have a tail ending in a sharp stinger.
                  | [demonic ancestry]
  8028 | D:7      | Reached XP level 10. HP: 62/71 MP: 10/10
  8309 | D:7      | Found a stormy altar of Qazlal.
  8348 | D:7      | Found a shimmering blue altar of Sif Muna.
  8692 | D:7      | Noticed Menkaure
  8695 | D:7      | Killed Menkaure
  8910 | D:8      | Reached skill level 1 in Shields
  9207 | D:8      | Found a staircase to the Lair.
  9294 | D:8      | Reached skill level 5 in Shields
 10205 | D:8      | Found a shadowy altar of Dithmenos.
 11377 | D:9      | Noticed Psyche
 11387 | D:9      | Killed Psyche
 11495 | D:9      | Gained mutation: You occasionally lose the ability to read
                  | scrolls when taking damage. [potion of mutation]
 11495 | D:9      | Gained mutation: You are somewhat resistant to further
                  | mutation. [potion of mutation]
 11704 | D:9      | Reached skill level 1 in Evocations
 11705 | D:9      | Gained mutation: You have an extremely huge brain. (Int +4)
                  | [demonic ancestry]
 11705 | D:9      | Reached XP level 11. HP: 74/77 MP: 11/11
 11885 | D:10     | Entered Level 10 of the Dungeon
 12121 | D:10     | Found a runed translucent gate.
 12121 | D:10     | Found a runed translucent gate.
 12121 | D:10     | Found a runed translucent gate.
 12123 | D:10     | Noticed a ten-headed hydra
 12123 | D:10     | Noticed a two-headed ogre
 12123 | D:10     | Noticed pigah's ghost (journeyman OpAE)
 12133 | D:10     | Killed a two-headed ogre
 12155 | D:10     | Killed from afar by pigah's ghost

Illustrated notes

Levels and vault maps discovered:
D:1:      minmay_arrival_jagged, layout_loops_ring, dk_noncrumbling_4
D:2:      layout_basic, hellmonk_ecumenical_altar_leap_of_faith, serial_shops,
          nicolae_shop_advertising_works [nicolae_subvault_shop_adworks],
          basic_altar, interstate_on_off, hangedman_decor_points, uniq_jessica
D:3:      layout_basic, grunt_ministairs_6
D:4:      layout_rooms, fedhas_altar_2, minmay_temple_entry_grid, serial_glass,
          glass_columns_c, glass_columns_a, glass_columns_a, glass_columns_b,
          glass_columns_b, glass_columns_a, glass_columns_c, glass_columns_a,
          nicolae_ossuary_entry_monument, uniq_ijyb
D:5:      layout_loops_ring, serial_shops, nicolae_take_the_stairs
D:6:      layout_rooms, mainiacjoe_overflow_chevrons, demons_altar,
          mainiacjoe_overflow_concentric_impassable, serial_shops, shop,
          uniq_duvessa, uniq_sigmund, uniq_grinder
D:7:      minmay_flawed_box, layout_loops_corners,
          lemuel_coloured_pillars_altar, kennysheep_mini,
          mainiacjoe_overflow_surrounded_room, serial_co_window_serial,
          co_window_corner_a, co_window_paths_b, co_window_paths_b,
          co_window_paths_a, co_window_paths_b, co_window_corner_a,
          co_window_paths_b, co_window_2corner, co_window_unsneaky_path_d,
          co_window_corner_ca, co_window_unsneaky_path_b, co_window_paths_c,
          co_window_of_opportunity_b, glass_columns_a, glass_columns_b,
          glass_columns_a, glass_columns_c, glass_columns_a, uniq_pikel,
          uniq_menkaure
D:8:      layout_basic, grunt_dithmenos_smoke, erik_lair_island,
          serial_co_window_serial, co_window_paths_b, co_window_corner_a,
          co_window_paths_a, co_window_corner_a, co_window_paths_b,
          co_window_of_opportunity_a, co_window_paths_b, co_window_paths_a,
          co_window_paths_b, co_window_of_opportunity_c,
          co_window_unsneaky_path_b, co_window_broadway_b, co_window_2corner,
          co_window_2corner, co_window_paths_e, glass_columns_b
D:9:      layout_irregular_city, minmay_crystal_room, minmay_holes, uniq_psyche
D:10:     layout_roguey, nicolae_uskayaw_dance_studio,
          nicolae_gozag_seed_capital, mainiacjoe_overflow_two_lobes,
          gammafunk_ghost_hydra_chop

Skill      XL: |  1  2  3  4  5  6  7  8  9 10 11 |
---------------+----------------------------------+-----
Stealth        | 2 |  2.0
Fighting       | 3 4 |  4.0
Maces & Flails | 2 3 4 6 9 |  9.0
Armour         | 3 4 8 9 |  9.0
Shields        | 8 |  8.0
Evocations     | 1 4 |  4.5
Short Blades   | |  2.6
Throwing       | |  1.7
Dodging        | |  2.6

Action                   |  1- 3 |  4- 6 |  7- 9 | 10-12 || total
-------------------------+-------+-------+-------+-------++-------
Melee: Rapier            |    51 |       |       |       ||    51
       Dagger            |    26 |       |       |       ||    26
       Punch             |     1 |       |     1 |       ||     2
       Club              |       |   147 |   336 |   325 ||   808
       Tailslap          |       |       |    21 |    48 ||    69
Throw: Throwing net      |       |       |     1 |     3 ||     4
Evoke: Wand              |       |       |       |     1 ||     1
  Use: Scroll            |     2 |     8 |     8 |     3 ||    21
       Potion            |     2 |     1 |     2 |     4 ||     9
 Stab: Sleeping          |     3 |       |       |       ||     3
       Distracted        |       |     1 |       |     3 ||     4
Armor: Leather armour    |    19 |     5 |       |       ||    24
       Chain mail        |       |    55 |    59 |       ||   114
       Plate armour      |       |       |   174 |   208 ||   382
Dodge: Dodged            |    26 |    38 |   121 |    39 ||   224
Block: Other             |     5 |    51 |    91 |       ||   147
       Tower shield      |       |       |   131 |   427 ||   558
       Reflection        |       |       |     1 |    11 ||    12

Table legend: (Time is in decaauts)
 A = Elapsed time spent in this place.
 B = Non-inter-level travel time spent in this place.
 C = Inter-level travel time spent in this place.
 D = Time resting spent in this place.
 E = Time spent auto-exploring this place.
 F = Levels seen in this place.
 G = Mean time per level.
                   A        B        C        D        E       F      G
               +--------+--------+--------+--------+--------+-----+--------+
         Total |  12285 |  11906 |    379 |   1996 |   7805 |  11 | 1116.8 |
       Dungeon |  11686 |  11307 |    379 |   1996 |   7400 |  10 | 1168.6 |
       Ossuary |    598 |    598 |      0 |      0 |    405 |   1 |  598.0 |
               +--------+--------+--------+--------+--------+-----+--------+

Top non-repeatable levels by time:
     D:8: 2063 daAuts
     D:7: 2019 daAuts
     D:2: 1569 daAuts
     D:1: 1546 daAuts
     D:9: 991 daAuts
     D:6: 957 daAuts
     D:5: 883 daAuts
     D:3: 836 daAuts
 Ossuary: 598 daAuts
     D:4: 539 daAuts
    D:10: 279 daAuts
